 Dungeon Crawl Stone Soup version 0.14.0-17-gc0b17a5 (webtiles) character file.

8930 satsukimygoddess the Conjurer (level 11, -3/84 HPs)
             Began as a Red Draconian Conjurer on Apr 19, 2014.
             Was a Priest of Vehumet.
             Slain by a spiny frog (14 damage)
             ... on Level 1 of the Lair of Beasts.
             The game lasted 00:41:31 (8144 turns).

satsukimygoddess the Conjurer (DrCj)                Turns: 8144, Time: 00:41:32

HP  -3/84        AC  8     Str 11      XL: 11   Next: 11%
MP   2/28        EV 12     Int 19      God: Vehumet [***...]
Gold 348         SH  0     Dex 11      Spells:  5 memorised, 14 levels left

rFire  + . .     SeeInvis .     q - +1,+5 dagger (venom)
rCold  . . .     Clarity  +     (armour unavailable)
rNeg   . . .     Conserve .     (no shield)
rPois  .         rCorr    .     (helmet restricted)
rElec  .         rRot     .     y - +0 cloak
SustAb + .       Spirit   .     (no gloves)
rMut   .         Warding  .     (no boots)
Saprov . . .     Stasis   .     (no amulet)
MR     .....                    I - ring of sustain abilities
                                o - ring of teleport control

@: not resistant to hostile enchantments, fairly stealthy
A: breathe fire, unfitting armour, clarity, fire resistance 1, frail 1,
evolution 1, AC +7
a: Breathe Fire, Renounce Religion, Evoke Teleport Control


You were on level 1 of the Lair of Beasts.
You worshipped Vehumet.
Vehumet was most pleased with you.
You were not hungry.

You visited 3 branches of the dungeon, and saw 11 of its levels.

You collected 348 gold pieces.

Inventory:

Hand weapons
 q - a +1,+5 dagger of venom (weapon)
Armour
 y - a +0 cloak (worn)
Magical devices
 v - a wand of magic darts (11)
 H - a wand of polymorph (5)
 L - a wand of random effects (13)
Comestibles
 a - 2 chunks of wolf flesh
 b - 3 bread rations
 f - 3 meat rations
 B - 8 sultanas
 J - a choko
Scrolls
 d - 2 scrolls of identify
 e - a scroll of magic mapping {unknown}
 g - 8 scrolls of remove curse
 j - a scroll of enchant weapon II
 w - 2 scrolls of amnesia {unknown}
 C - 2 scrolls of immolation {unknown}
 E - 2 scrolls of recharging
 F - a scroll of acquirement {unknown}
 K - a scroll of random uselessness {unknown}
 M - a scroll of enchant weapon III {unknown}
Jewellery
 h - a +1 ring of dexterity
 o - a ring of teleport control (left hand)
 I - a ring of sustain abilities (right hand)
Potions
 i - 2 potions of brilliance
 s - a potion of flight
 z - 2 potions of restore abilities
Books
 c - a book of Conjurations

   Spells                             Type                      Level
   *Magic Dart                        Conjuration                  1
   *Searing Ray                       Conjuration                  2
   Dazzling Spray                     Conjuration/Hexes            3
   Fulminant Prism                    Conjuration/Hexes            4
   *Iskenderun's Mystic Blast         Conjuration                  4
   *Iskenderun's Battlesphere         Conjuration/Charms           5


   Skills:
 - Level 7.9 Fighting
 - Level 8.0 Short Blades
 - Level 1.7 Dodging
 - Level 1.7 Stealth
 - Level 8.9 Spellcasting
 + Level 10.8 Conjurations
 + Level 0.3 Charms
 * Level 3.8 Fire Magic
 - Level 0.7 Evocations


You had 14 spell levels left.
You knew the following spells:

 Your Spells              Type           Power        Failure   Level  Hunger
a - Magic Dart            Conj           ####         1%          1    None
b - Searing Ray           Conj           #####.       1%          2    None
c - Iskenderun's Mystic   Conj           #####...     1%          4    ###....
d - Flame Tongue          Conj/Fire      #####        1%          1    None
e - Iskenderun's Battles  Conj/Chrm      ####....     8%          5    ####...


Dungeon Overview and Level Annotations

Branches:
Dungeon (9/15)             Temple (1/1) D:4            Lair (1/8) D:8
    Orc: D:9-12

Altars:
Ashenzari
Cheibriados
Elyvilon
Fedhas
Kikubaaqudgha
Sif Muna
Trog
Vehumet
Xom
Yredelemnul
The Shining One

Shops:
D:5 *   D:6 }

Annotations:
D:4 Crazy Yiuf
Lair:1 exclusion: oklob plant


Innate Abilities, Weirdness & Mutations

You can breathe blasts of fire.
Your fiery red scales are hard (AC +7).
Your body does not fit into most forms of armour.
Your cold-blooded metabolism reacts poorly to cold.
Your flesh is heat resistant.
You possess an exceptional clarity of mind.
You are frail (-10% HP).
You evolve.


Message History

You hit the spiny frog but do no damage.
The spiny frog is almost dead.
The spiny frog closely misses you.
Casting: Iskenderun's Mystic Blast
Confirm with . or Enter, or press ? or * to list all spells.
Aiming: Magic Dart
Press: ? - help, Shift-Dir - straight line, f/p - spiny frog
Aim: a spiny frog (almost dead)
The magic dart hits the spiny frog.
The spiny frog is almost dead.
The spiny frog stings you!
* * * LOW HITPOINT WARNING * * *
The spiny frog completely misses you.
Unknown command.
Drink which item? (? for menu, Esc to quit)
Okay, then.
Evoke which item? (* to show all) (? for menu, Esc to quit)
Okay, then.
The spiny frog stings you!
You die...

... #.# #.# ### ### #.# #.#
### ####
#####P###.###.#####.##.#P##
.#.#..##..##....#.........###
.......#......%.@F...........
...............####.#.........
...............#....'.........
####...........#....#.........
#...........#..+##.....P..
##..........#.f. .....P_P.
#........(............#P..
##...................## .
#...................#


You could see a spiny frog.

Vanquished Creatures
  Joseph (D:8)
  A black mamba (Lair:1)
  Prince Ribbit (D:6)
  4 blink frogs (Lair:1)
  A hill giant zombie (D:8)
  Edmund (D:4)
  Menkaure (D:5)
  5 wolves (Lair:1)
  2 orc warriors
  2 sky beasts (D:8)
  6 ogres
  An ice beast (D:8)
  2 centaurs
  Duvessa (D:5)
  4 giant frogs
  A water moccasin zombie (D:8)
  3 killer bees (D:8)
  3 wights (D:8)
  A crimson imp (D:7)
  3 orc priests
  Dowan (D:5)
  7 hounds
  A goliath beetle (D:8)
  2 jellies
  An iguana (D:7)
  Natasha (thrice) (D:5)
  3 worker ants
  5 orc wizards
  An ogre zombie (D:8)
  A sky beast zombie (D:5)
  Ijyb (D:3)
  An ogre skeleton (D:4)
  A mottled dragon zombie (D:8)
  A hound zombie (D:8)
  2 mummies (D:7)
  10 adders
  4 worms
  An adder skeleton (D:7)
  An orc zombie (D:5)
  8 giant geckos
  20 orcs
  4 ball pythons
  21 bats
  2 bat skeletons
  3 giant cockroaches
  19 goblins
  11 hobgoblins
  9 jackals
  14 kobolds
  2 quokkas
  5 giant newts
  2 orc skeletons
  A quokka zombie (D:6)
  10 rats
  A ballistomycete (D:5)
223 creatures vanquished.

Vanquished Creatures (others)
  A giant spore (D:5)
1 creature vanquished.

Grand Total: 224 creatures vanquished

Notes
Turn   | Place    | Note
--------------------------------------------------------------
     0 | D:1      | satsukimygoddess, the Draconian Conjurer, began the quest for the Orb.
     0 | D:1      | Reached XP level 1. HP: 14/14 MP: 3/3
   241 | D:1      | Reached XP level 2. HP: 15/20 MP: 0/4
   858 | D:2      | Learned a level 2 spell: Searing Ray
  1001 | D:2      | Reached XP level 3. HP: 23/26 MP: 0/6
  1082 | D:2      | Reached skill level 5 in Conjurations
  1348 | D:2      | Found a glowing golden altar of the Shining One.
  1524 | D:3      | Reached XP level 4. HP: 24/33 MP: 7/7
  1738 | D:3      | Reached skill level 6 in Conjurations
  1776 | D:3      | Reached XP level 5. HP: 32/38 MP: 5/9
  1903 | D:3      | Noticed Ijyb
  1923 | D:3      | Killed Ijyb
  2057 | D:3      | Learned a level 4 spell: Iskenderun's Mystic Blast
  2219 | D:4      | Found a staircase to the Ecumenical Temple.
  2245 | Temple   | Entered the Ecumenical Temple
  2254 | Temple   | Became a worshipper of Vehumet
  2276 | D:4      | Reached skill level 7 in Conjurations
  2498 | D:4      | Noticed Edmund
  2528 | D:5      | Entered Level 5 of the Dungeon
  2562 | D:5      | Noticed Menkaure
  2569 | D:5      | Killed Menkaure
  2569 | D:5      | Reached XP level 6. HP: 16/45 MP: 1/10
  2793 | D:5      | Noticed Natasha
  2797 | D:5      | Killed Natasha
  2816 | D:5      | Reached skill level 8 in Conjurations
  2866 | D:5      | Noticed Natasha
  2885 | D:5      | Killed Natasha
  3059 | D:5      | Noticed Natasha
  3059 | D:5      | Killed Natasha
  3247 | D:5      | Your scales start taking on a fiery red colour.
  3247 | D:5      | Gained mutation: Your flesh is heat resistant. [draconian maturity]
  3247 | D:5      | Reached XP level 7. HP: 45/50 MP: 9/12
  3291 | D:5      | Found Xasatu's Assorted Antiques.
  3318 | D:5      | Noticed Dowan
  3321 | D:5      | Noticed Duvessa
  3322 | D:5      | Killed Dowan
  3450 | D:4      | Killed Edmund
  3686 | D:4      | Noticed Crazy Yiuf
  4087 | D:5      | Reached skill level 9 in Conjurations
  4124 | D:5      | Killed Duvessa
  4426 | D:6      | Reached XP level 8. HP: 50/57 MP: 0/18
  4492 | D:6      | Acquired Vehumet's first power
  4492 | D:6      | Offered knowledge of Flame Tongue by Vehumet.
  4496 | D:6      | Learned a level 1 spell: Flame Tongue
  4700 | D:6      | Found Khumatweth's Gadget Boutique.
  4748 | D:6      | Found a deep blue altar of Sif Muna.
  4912 | D:6      | Reached skill level 5 in Spellcasting
  5223 | D:6      | Noticed Prince Ribbit
  5226 | D:6      | Killed Prince Ribbit
  5226 | D:6      | Reached skill level 10 in Conjurations
  5312 | D:7      | Reached skill level 1 in Fire Magic
  5399 | D:7      | Reached skill level 1 in Short Blades
  5443 | D:7      | Found a white marble altar of Elyvilon.
  5684 | D:7      | Found an ancient bone altar of Kikubaaqudgha.
  5810 | D:7      | Reached XP level 9. HP: 38/62 MP: 12/22
  5912 | D:8      | Offered knowledge of Throw Frost by Vehumet.
  6075 | D:8      | Reached skill level 5 in Short Blades
  6103 | D:8      | Noticed Joseph
  6153 | D:8      | HP: 2/62 [Joseph/uncursed quarterstaff (12)]
  6156 | D:8      | Killed Joseph
  6274 | D:8      | You fall through a shaft!
  6313 | D:8      | Gained mutation: You possess an exceptional clarity of mind. [potion of mutation]
  6313 | D:8      | Gained mutation: You are frail (-10% HP). [potion of mutation]
  6313 | D:8      | Gained mutation: You evolve. [potion of mutation]
  6317 | D:8      | Paralysed by a potion of paralysis for 4 turns
  6323 | D:8      | Reached XP level 10. HP: 14/79 MP: 22/27
  6786 | D:8      | Found a staircase to the Lair.
  6848 | D:8      | Offered knowledge of Stone Arrow by Vehumet.
  7218 | Lair:1   | Entered Level 1 of the Lair of Beasts
  7228 | Lair:1   | Noticed an orb spider
  7228 | Lair:1   | a blink frog changed into an orb spider
  7230 | D:8      | HP: 3/79 [blink frog (11)]
  7263 | D:8      | HP: 3/79 [adder (1)]
  7271 | D:8      | HP: 2/79 [poisoned by an adder]
  7279 | D:8      | HP: 2/79 [poisoned by an adder]
  7680 | D:8      | Learned a level 5 spell: Iskenderun's Battlesphere
  7876 | Lair:1   | Acquired Vehumet's second power
  7876 | Lair:1   | Reached XP level 11. HP: 84/84 MP: 15/28
  8037 | Lair:1   | Noticed a black mamba
  8041 | Lair:1   | Killed a black mamba
  8085 | Lair:1   | Found a glowing golden altar of the Shining One.
  8086 | Lair:1   | Noticed an oklob plant
  8144 | Lair:1   | Slain by a spiny frog

Action                   |  1- 3 |  4- 6 |  7- 9 | 10-12 || total
-------------------------+-------+-------+-------+-------++-------
Melee: Unarmed           |    21 |       |       |       ||    21
       Short sword       |    58 |       |       |       ||    58
       Dagger            |    25 |   149 |   230 |    63 ||   467
 Cast: Magic Dart        |    37 |    52 |    73 |    23 ||   185
       Searing Ray       |     1 |     4 |     7 |     2 ||    14
       Iskenderun's Myst |       |     7 |    43 |    40 ||    90
       Flame Tongue      |       |       |     2 |       ||     2
       Iskenderun's Batt |       |       |       |     1 ||     1
Evoke: Wand              |       |     3 |     2 |     1 ||     6
  Use: Potion            |     1 |       |    19 |     1 ||    21
       Scroll            |       |     1 |     3 |     5 ||     9
 Stab: Sleeping          |       |     1 |     1 |       ||     2
